General information
- name: BNet
- type: Ladder 1vs1/FFA
- host: Battle.net
- saver: midnightpu1se
map: EchoIsles
- players: 2
- length: 22:50
- speed: Fast
- version: 1.23 W3XP
- replay type: Public
» download(85 KB)
Players
team 1 (winner)

»
okay (
orange | 45 APM | 1035 actions | 22:50)
6 Paladin
3 Holy Light
2 Divine Shield
1 Resurrection
» actions
| Assign group hotkey | 14 | |
| Basic commands | 9 | |
| Build / train | 65 | |
| Enter build submenu | 30 | |
| Enter hero's abilities submenu | 6 | |
| Give item / drop item | 1 | |
| Remove unit from queue | 1 | |
| Right click | 391 | |
| Select / deselect | 302 | |
| Select group hotkey | 138 | |
| Use ability | 78 | |
1035 total
» units
| Peasant | 14 | |
| Footman | 9 | |
| Forest Troll Shadow Priest | 1 | |
| Knight | 8 | |
| Siege Engine | 3 | |
35 total
» upgrades
| Defend | 1 | |
| Plating | 1 | |
| Lumber Harvesting | 1 | |
| Animal War Training | 1 | |
| Magic Sentry | 1 | |
| Barrage | 1 | |
| Gunpowder | 2 | |
8 total
» buildings
| Altar of Kings | 1 | |
| Barracks | 2 | |
| Farm | 11 | |
| Lumber Mill | 1 | |
| Scout Tower | 6 | |
| Keep | 1 | |
| Arcane Vault | 1 | |
| Guard Tower | 2 | |
| Castle | 1 | |
| Blacksmith | 1 | |
| Arcane Sanctum | 1 | |
| Workshop | 1 | |
29 total
» build order
00:14 Altar of Kings
00:19 Barracks
00:36 Farm
01:14 Farm
01:24 Lumber Mill
03:40 Farm
03:47 Scout Tower
05:54 Keep
06:33 Scout Tower
06:43 Scout Tower
07:00 Arcane Vault
07:06 Guard Tower
07:18 Farm
08:21 Castle
08:52 Blacksmith
09:22 Farm
10:51 Scout Tower
10:59 Scout Tower
11:14 Guard Tower
11:19 Barracks
12:05 Farm
12:29 Arcane Sanctum
13:51 Farm
14:00 Scout Tower
15:50 Farm
16:28 Workshop
18:10 Farm
19:09 Farm
19:49 Farm
» items
| Scroll of Regeneration | 3 | |
| Lesser Clarity Potion | 5 | |
| Scroll of Town Portal | 1 | |
| Staff of Teleportation | 1 | |
10 total
team 2 (loser)
midnightpu1se (
purple | 154 APM | 3513 actions | 22:50)
4 Death Knight
2 Death Coil
2 Unholy Aura
2 Lich
1 Frost Nova
1 Frost Armor
» actions
| Assign group hotkey | 11 | |
| Basic commands | 89 | |
| Build / train | 69 | |
| ESC pressed | 6 | |
| Enter build submenu | 35 | |
| Enter hero's abilities submenu | 6 | |
| Give item / drop item | 4 | |
| Right click | 2292 | |
| Select / deselect | 631 | |
| Select group hotkey | 193 | |
| Use ability | 177 | |
3513 total
» units
| Acolyte | 12 | |
| Ghoul | 19 | |
| Obsidian Statue | 8 | |
| Meatwagon | 4 | |
43 total
» upgrades
| Cannibalize | 1 | |
| Backpack | 1 | |
| Ghoul Frenzy | 1 | |
| Exhume Corpses | 1 | |
| Disease Cloud | 1 | |
| Destroyer Form | 1 | |
6 total
» buildings
| Crypt | 1 | |
| Altar of Darkness | 1 | |
| Ziggurat | 18 | |
| Tomb of Relics | 1 | |
| Halls of the Dead | 2 | |
| Graveyard | 1 | |
| Sacrificial Pit | 1 | |
| Slaughterhouse | 2 | |
| Black Citadel | 1 | |
| Necropolis | 2 | |
| Spirit Tower | 1 | |
31 total
» build order
00:04 Crypt
00:05 Altar of Darkness
00:25 Ziggurat
01:04 Tomb of Relics
01:25 Ziggurat
03:41 Halls of the Dead
06:38 Graveyard
06:40 Ziggurat
07:07 Sacrificial Pit
08:03 Slaughterhouse
09:14 Ziggurat
10:11 Black Citadel
11:17 Slaughterhouse
13:52 Ziggurat
13:54 Ziggurat
15:53 Necropolis
17:12 Necropolis
18:22 Ziggurat
18:24 Ziggurat
18:33 Ziggurat
19:50 Ziggurat
20:04 Ziggurat
20:11 Ziggurat
20:15 Ziggurat
21:12 Ziggurat
21:14 Ziggurat
21:16 Ziggurat
21:25 Ziggurat
21:30 Ziggurat
22:08 Spirit Tower
» items
| Rod of Necromancy | 2 | |
| Potion of Healing | 1 | |
| Orb of Corruption | 3 | |
6 total
Chat log
(22:48 / All) midnightpu1se: gg